 Dungeon Crawl Stone Soup version 0.20.1-1-g8b1a95d (webtiles) character file.

275 TheGuigne the Cleaver (level 6, -1/52 HPs)
             Began as a Hill Orc Fighter on Aug 17, 2017.
             Slain by TheGuigne's ghost (15 damage)
             ... on level 4 of the Dungeon.
             The game lasted 00:08:40 (3844 turns).

TheGuigne the Cleaver (Hill Orc Fighter)            Turns: 3844, Time: 00:08:41

Health: -1/52      AC:  7    Str: 20    XL:     6   Next: 25%
Magic:  6/6        EV: 12    Int: 14    God:
Gold:   132        SH:  9    Dex: 15    Spells: 5/5 levels left

rFire    . . .     SeeInvis .   r - +0 hand axe (curse)
rCold    . . .     Gourm    .   c - +0 shield
rNeg     . . .     Faith    .   b - +0 scale mail
rPois    .         Spirit   .   (no helmet)
rElec    .         Reflect  .   (no cloak)
rCorr    .         Harm     .   (no gloves)
MR       .....                  (no boots)
Stlth    ++........             (no amulet)
Regen    0.2/turn               h - ring of stealth
MPRegen  0.1/turn               m - +1 ring of protection

@: brilliant, agile
A: no striking features
a: no special abilities


You were on level 4 of the Dungeon.
You were not hungry.

You visited 1 branch of the dungeon, and saw 4 of its levels.

You collected 222 gold pieces.
You spent 90 gold pieces at shops.

Inventory:

Hand Weapons
 a - a +0 war axe
 i - a +0 whip
 r - a cursed +0 hand axe (weapon)
Missiles
 g - 26 poisoned needles
Armour
 b - a +0 scale mail (worn)
 c - a +0 shield (worn)
Jewellery
 h - a ring of stealth (left hand)
 j - an uncursed ring of fire
 k - an uncursed ring of ice
 m - a +1 ring of protection (right hand)
Scrolls
 d - a scroll of random uselessness {unknown}
 e - a scroll of fear {unknown}
 n - 2 scrolls of remove curse
 p - a scroll of enchant weapon {unknown}
 t - a scroll of magic mapping {unknown}
 w - a scroll of enchant armour {unknown}
 x - a scroll of recharging {unknown}
Potions
 l - 5 potions of curing
 q - a potion of cancellation
Comestibles
 f - 2 bread rations


   Skills:
 * Level 4.2 Fighting
 + Level 8.1 Axes
 - Level 3.2 Armour
 - Level 3.2 Shields


You had 5 spell levels left.
You didn't know any spells.

Dungeon Overview and Level Annotations

Branches:
Dungeon (4/15)
 Temple: D:4-7

Altars:
Trog
Zin

Annotations:
D:4 TheGuigne's ghost, amateur HOFi


Message History

TheGuigne's ghost hits you!
* * * LOW HITPOINT WARNING * * *
You feel better. You block TheGuigne's ghost's attack.
You hit TheGuigne's ghost.
TheGuigne's ghost is heavily damaged.
You block TheGuigne's ghost's attack.
You hit TheGuigne's ghost but do no damage.
TheGuigne's ghost is heavily damaged.
You block TheGuigne's ghost's attack.
You hit TheGuigne's ghost but do no damage.
TheGuigne's ghost is heavily damaged.
TheGuigne's ghost hits you.
* * * LOW HITPOINT WARNING * * *
You hit TheGuigne's ghost.
TheGuigne's ghost is heavily damaged.
You block TheGuigne's ghost's attack.
You barely miss TheGuigne's ghost.
TheGuigne's ghost is heavily damaged.
TheGuigne's ghost hits you!
You die...

#....#.#.....#$.
........_.... ....#
....# #..# ....
#.###..###.###.#
#..............#
+...#.###..W...#####
#...####.#####.###
#.#.#@##...W.)...+
..#.#W##W#########
#.#.#..#......#
#.#.##.####.###
####.#........<#
#.........###..#
#....#######.....#
#>...#######.....#
#..........'.....#


You could see TheGuigne's ghost.

Vanquished Creatures
  The ghost of Feta the Digger, an amateur FoEE (D:3)
  An orc wizard (D:3)
  Terence (D:2)
  4 gnolls
  3 adders
  2 oozes (D:1)
  2 worms
  A dart slug (D:3)
  2 leopard geckos
  3 orcs
  3 bats
  8 goblins
  8 hobgoblins
  4 jackals
  8 frilled lizards
  7 kobolds
  7 rats
65 creatures vanquished.

Notes
Turn   | Place    | Note
-------+----------+-------------------------------------------
     0 | D:1      | TheGuigne the Hill Orc Fighter began the quest for the Orb.
     0 | D:1      | Reached XP level 1. HP: 19/19 MP: 1/1
   110 | D:1      | Reached skill level 3 in Axes
   244 | D:1      | Reached XP level 2. HP: 23/26 MP: 2/2
   329 | D:1      | Reached skill level 4 in Axes
   416 | D:1      | Reached XP level 3. HP: 28/31 MP: 3/3
  1017 | D:2      | Reached skill level 5 in Axes
  1119 | D:2      | Noticed Terence
  1122 | D:2      | Killed Terence
  1122 | D:2      | Reached XP level 4. HP: 39/39 MP: 4/4
  1541 | D:2      | Reached skill level 6 in Axes
  1791 | D:3      | Reached XP level 5. HP: 43/45 MP: 5/5
  1901 | D:3      | Noticed Feta's ghost (amateur FoEE)
  1918 | D:3      | Killed Feta's ghost
  1918 | D:3      | Reached skill level 7 in Axes
  2090 | D:3      | Found Zin's Purification Station.
  2090 | D:3      | Found a glowing silver altar of Zin.
  2101 | D:3      | Bought a potion of curing for 90 gold pieces
  2142 | D:3      | Reached XP level 6. HP: 16/52 MP: 6/6
  2731 | D:3      | Reached skill level 8 in Axes
  2999 | D:4      | Noticed TheGuigne's ghost (amateur HOFi)
  3793 | D:4      | Found a bloodstained altar of Trog.
  3844 | D:4      | Slain by TheGuigne's ghost

Skill      XL: |  1  2  3  4  5  6 |
---------------+-------------------+-----
Axes           | 3 4 5 6 7 8 |  8.1
Fighting       | 4 |  4.2
Armour         | |  3.2
Shields        | |  3.2

Action                   |  1- 3 |  4- 6 || total
-------------------------+-------+-------++-------
Melee: War axe           |    81 |   178 ||   259
       Hand axe          |       |    24 ||    24
  Use: Potion            |     1 |     6 ||     7
       Scroll            |       |     3 ||     3
  Eat: Chunk             |     1 |     6 ||     7
       Bread ration      |       |     1 ||     1
Armor: Scale mail        |    32 |    69 ||   101
Dodge: Dodged            |    19 |    52 ||    71
Block: Shield            |    35 |    80 ||   115
